 Dungeon Crawl Stone Soup version 0.30.0-29-ga12c61a403 (webtiles) character file.

Game seed: 10659318887608433747

25 hawla the Firebug (level 3, 0/26 HPs)
             Began as a Meteoran Fire Elementalist on June 8, 2023.
             Slain by a goblin
             ... wielding a +0 club
              (3 damage)
             ... on level 2 of the Dungeon.
             The game lasted 00:01:20 (242 turns).

hawla the Firebug (Meteoran Fire Elementalist)       Turns: 242, Time: 00:01:22

Health: 0/26       AC:  2    Str:  9    XL:     3   Next: 38%
Magic:  1/8        EV: 12    Int: 18    God:
Gold:   21         SH:  0    Dex: 15    Spells: 5/8 levels left

rFire   . . .        (no weapon)
rCold   . . .        (no shield)
rNeg    . . .        a - +0 robe
rPois   .            (no helmet)
rElec   .            (no cloak)
rCorr   .            (no gloves)
SInv    .            (no boots)
Will    .....        (no amulet)
Stlth   +            (no ring)
HPRegen 0.24/turn    (no ring)
MPRegen 0.11/turn

%: no passive effects
@: glowing
A: sense surroundings 1, otherworldly, glowing, explore regen
a: no special abilities


You were on level 2 of the Dungeon.
You visited 1 branch of the dungeon, and saw 2 of its levels.

You collected 21 gold pieces.

Inventory:

Armour
 a - a +0 robe (worn)
Scrolls
 c - a scroll of enchant weapon {unknown}
 d - a scroll of teleportation {unknown}
Potions
 b - a potion of magic


   Skills:
 + Level 2.6 Dodging
 - Level 1.4 Stealth
 + Level 3.2 Spellcasting
 + Level 1.3 Conjurations
 + Level 4.5 Fire Magic


You had 5 spell levels left.
You knew the following spells:

 Your Spells              Type           Power      Damage    Failure   Level
a - Foxfire               Conj/Fire      52%        2x1d6     4%          1
b - Scorch                Fire           38%        2d6       3%          2

Your spell library contained the following spells:

 Spells                   Type           Power      Damage    Failure   Level
 Inner Flame              Hex/Fire       11%        N/A       19%         3
 Volatile Blastmotes      Fire/Tloc      22%        2d11      19%         3
 Flame Wave               Conj/Fire      13%        2d6       43%         4


Dungeon Overview and Level Annotations

Branches:
Dungeon (2/15) Zot: 957

Altars:


Innate Abilities, Weirdness & Mutations

You passively map a small area around you.
You are easily found by Zot.
You glow in the dark.
You regain HP and MP as you explore.


Message History

Flames lash the quokka.
The quokka is heavily wounded.
The quokka's fire resistance burns away.
The foxfire hits the goblin.
The goblin is severely wounded.
The foxfire hits the quokka but does no damage.
The quokka is heavily wounded.
The quokka twitches its whiskers.
The goblin hits you but does no damage. The quokka bites you.
You barely miss the quokka.
The quokka is heavily wounded.
The quokka barely misses you.
You hit the quokka.
The quokka is severely wounded.
The quokka is no longer more vulnerable to fire.
The quokka bites you but does no damage.
The goblin closely misses you.
You closely miss the quokka.
The quokka is severely wounded.
The quokka barely misses you.
The goblin hits you with a +2 dagger of protection.
The goblin hits you with a +0 club.
You hit the quokka.
The quokka is almost dead.
The quokka bites you but does no damage.
The goblin hits you with a +2 dagger of protection.
The goblin hits you but does no damage.
You closely miss the quokka.
The quokka is almost dead.
The quokka barely misses you. The goblin hits you with a +0 club.
The goblin hits you with a +2 dagger of protection.
The quokka bites you.
You barely miss the quokka.
The quokka is almost dead.
The quokka bites you.
* * * LOW HITPOINT WARNING * * *
The goblin hits you with a +2 dagger of protection.
* * * LOW HITPOINT WARNING * * *
The goblin hits you with a +0 club.
You die...

##†## *
###...## ,
#......#
.....#g...#
*
##......#.#
,
#.######.#
, * * * #.#
* #g## *
#g@# * ,
##r# * *
#.# #.#,
#.#, * #.#
#.# #.#


You could see a quokka and 2 goblins.

Vanquished Creatures
  A gnoll (D:1)
  An adder (D:2)
  A bat (D:1)
  2 giant cockroaches
  A goblin (D:1)
  2 ball pythons (D:1)
8 creatures vanquished.

Vanquished Creatures (others)
  18 foxfires
18 creatures vanquished.

Grand Total: 26 creatures vanquished

Notes
Turn   | Place    | Note
-------+----------+-------------------------------------------
     0 | D:1      | hawla the Meteoran Fire Elementalist began the quest for
                  | the Orb.
     0 | D:1      | Reached XP level 1. HP: 14/14 MP: 5/5
    34 | D:1      | Reached skill level 4 in Fire Magic
    34 | D:1      | Reached XP level 2. HP: 16/20 MP: 2/7
    37 | D:1      | Learned a level 2 spell: Scorch
   226 | D:2      | Reached XP level 3. HP: 26/26 MP: 2/8
   242 | D:2      | Slain by a goblin

Illustrated notes

Levels and vault maps discovered:
D:1:      minmay_arrival_radiant_lines, layout_loops_ring
D:2:      layout_loops_ring, ebering_ecumenical_altar_rust, uniq_jessica

Skill      XL: |  1 |
---------------+----+-----
Spellcasting   | 3 |  3.2
Fire Magic     | 4 |  4.5
Dodging        | |  2.6
Stealth        | |  1.4
Conjurations   | |  1.3

Action                     || total
---------------------------++-------
  Melee: Unarmed           ||     9
         Punch             ||     1
   Cast: Foxfire           ||    14
         Scorch            ||     3
 Armour: Robe              ||     5
  Dodge: Dodged            ||     6
